| TOP OF THE 1ST |
|
San Francisco Giants batting - Pitching for St. Louis Cardinals : LHP Antonio Lacayo
|
|
Pitching: LHP Antonio Lacayo
|
|
|
Batting: SHB Ryan Doss
|
0-0: Called Strike 0-1: Foul Ball, location: 2F 0-2: Ball 1-2: Ball 2-2: Strikes out swinging
|
|
Batting: RHB Nate Hodson
|
0-0: Swinging Strike 0-1: Ball 1-1: Ball 2-1: DOUBLE (Line Drive, 9LS, EV 95.0 MPH)
|
|
Batting: LHB Carey Horncole
|
0-0: Fly out, F9 (Flyball, 89D, EV 95.6 MPH) Runner from 2nd tags up, SAFE at 3rd, no throw by RF
|
|
Batting: RHB Nick Rigden
|
0-0: Ball 1-0: Ball 2-0: Called Strike 2-1: Ground out 6-3 (Groundball, 6M, EV 82.5 MPH)
|
| Top of the 1st over - 0 runs, 1 hit, 0 errors, 1 left on base; San Francisco 0 - St. Louis 0 |
| BOTTOM OF THE 1ST |
|
St. Louis Cardinals batting - Pitching for San Francisco Giants : RHP Alex Montes
|
|
Pitching: RHP Alex Montes
|
|
|
Batting: LHB Ichiro Toyota
|
0-0: Called Strike 0-1: Swinging Strike 0-2: Strikes out swinging
|
|
Batting: LHB Pat Sutton
|
0-0: Ball 1-0: Foul Ball, location: 2F 1-1: Ball 2-1: Ball 3-1: Foul Ball, location: 2F 3-2: Foul Ball, location: 2F 3-2: Foul Ball, location: 2F 3-2: Ground out 4-3 (Groundball, 4, EV 88.1 MPH)
|
|
Batting: SHB Antoine Roux
|
0-0: Ball 1-0: Foul Ball, location: 2F 1-1: Ball 2-1: Called Strike 2-2: Fly out, F7 (Flyball, 7, EV 95.6 MPH)
|
| Bottom of the 1st over - 0 runs, 0 hits, 0 errors, 0 left on base; San Francisco 0 - St. Louis 0 |
| TOP OF THE 2ND |
|
San Francisco Giants batting - Pitching for St. Louis Cardinals : LHP Antonio Lacayo
|
|
Batting: SHB Bill Dooms
|
0-0: Swinging Strike 0-1: Swinging Strike 0-2: Ball 1-2: SINGLE (Groundball, 6D, EV 97.5 MPH)
|
|
Batting: LHB Kevin Kantor
|
0-0: Ball 1-0: Ball 2-0: Swinging Strike 2-1: Swinging Strike 2-2: Strikes out looking
|
|
Batting: LHB Ryan Braden
|
0-0: Ball 1-0: Foul Ball, location: 2F 1-1: Swinging Strike 1-2: Grounds into double play, 6-4-3 (Groundball, 6MS, EV 90.6 MPH)
|
| Top of the 2nd over - 0 runs, 1 hit, 0 errors, 0 left on base; San Francisco 0 - St. Louis 0 |
| BOTTOM OF THE 2ND |
|
St. Louis Cardinals batting - Pitching for San Francisco Giants : RHP Alex Montes
|
|
Batting: LHB Armando Carbajal
|
0-0: Swinging Strike 0-1: Ground out 4-3 (Groundball, 4, EV 86.2 MPH)
|
|
Batting: RHB Jordan Diaz
|
0-0: Foul Ball, location: 2F 0-1: Ball 1-1: Called Strike 1-2: Foul Ball, location: 2F 1-2: Ball 2-2: Hit by Pitch
|
|
Batting: SHB Chris Blue
|
0-0: DOUBLE (Line Drive, 89D, EV 110.0 MPH) Jordan Diaz to third Runner from 3rd tries for Home, SAFE, throw by CF to home
|
|
Batting: RHB Klaas Meij
|
0-0: Foul Ball, location: 2F 0-1: Called Strike 0-2: Ground out 6-3 (Groundball, 6, EV 89.4 MPH) Chris Blue to third
|
|
Batting: SHB Jason Kirby
|
0-0: Foul Ball, location: 2F 0-1: Foul Ball, location: 2F 0-2: Ball 1-2: Foul Ball, location: 2F 1-2: Foul Ball, location: 2F 1-2: SINGLE (Line Drive, 7S, EV 86.9 MPH) Chris Blue scores
|
|
Batting: RHB Fabrice Bertin
|
0-0: Swinging Strike 0-1: DOUBLE (Flyball, 8RXD, EV 98.1 MPH) Jason Kirby to third Runner from 3rd tries for Home, SAFE, throw by CF to home
|
|
Batting: LHB Ichiro Toyota
|
0-0: Ball 1-0: Swinging Strike 1-1: Ball 2-1: Called Strike 2-2: Ball 3-2: Foul Ball, location: 2F 3-2: Foul Ball, location: 2F 3-2: Foul Ball, location: 2F 3-2: Foul Ball, location: 2F 3-2: Ground out 3-1 (Groundball, 34S, EV 84.4 MPH)
|
| Bottom of the 2nd over - 3 runs, 3 hits, 0 errors, 1 left on base; San Francisco 0 - St. Louis 3 |
| TOP OF THE 3RD |
|
San Francisco Giants batting - Pitching for St. Louis Cardinals : LHP Antonio Lacayo
|
|
Batting: LHB Jared Paige
|
0-0: SINGLE (Flyball, 78S, EV 95.6 MPH)
|
|
Batting: RHB Tyler Mapes
|
0-0: Ball 1-0: Called Strike 1-1: Called Strike 1-2: Ball 2-2: Strikes out swinging
|
|
Batting: SHB Ryan Doss
|
0-0: Ball 1-0: Fly out, F9 (Flyball, 9D, EV 98.1 MPH)
|
|
Batting: RHB Nate Hodson
|
0-0: Ball 1-0: Called Strike 1-1: Foul Ball, location: 2F 1-2: Foul Ball, location: 2F 1-2: Ball 2-2: Ground out 4-3 (Groundball, 34S, EV 86.9 MPH)
|
| Top of the 3rd over - 0 runs, 1 hit, 0 errors, 1 left on base; San Francisco 0 - St. Louis 3 |
| BOTTOM OF THE 3RD |
|
St. Louis Cardinals batting - Pitching for San Francisco Giants : RHP Alex Montes
|
|
Pitching: LHP Chris Moris
|
|
|
Batting: LHB Pat Sutton
|
0-0: Called Strike 0-1: Foul Ball, location: 2F 0-2: Ball 1-2: Ball 2-2: Ball 3-2: Strikes out swinging
|
|
Batting: SHB Antoine Roux
|
0-0: Called Strike 0-1: Ball 1-1: Ball 2-1: Foul Ball, location: 2F 2-2: Foul Ball, location: 2F 2-2: Foul Ball, location: 2F 2-2: Strikes out swinging
|
|
Batting: LHB Armando Carbajal
|
0-0: Ball 1-0: Called Strike 1-1: Ball 2-1: Ball 3-1: Base on Balls
|
|
Batting: RHB Jordan Diaz
|
0-0: Called Strike 0-1: Ball 1-1: Swinging Strike 1-2: Ball 2-2: Hit by Pitch Armando Carbajal to second
|
|
Batting: SHB Chris Blue
|
0-0: Foul Ball, location: 2F 0-1: Ball 1-1: Ball 2-1: Ball 3-1: Fly out, F7 (Line Drive, 7D, EV 83.8 MPH)
|
| Bottom of the 3rd over - 0 runs, 0 hits, 0 errors, 2 left on base; San Francisco 0 - St. Louis 3 |
| TOP OF THE 4TH |
|
San Francisco Giants batting - Pitching for St. Louis Cardinals : LHP Antonio Lacayo
|
|
Pitching: RHP Austin Akers
|
|
|
Batting: LHB Carey Horncole
|
0-0: Foul Ball, location: 2F 0-1: SINGLE (Line Drive, 7S, EV 97.5 MPH)
|
|
Batting: RHB Nick Rigden
|
0-0: Ball 1-0: Foul Ball, location: 2F 1-1: Foul Ball, location: 2F 1-2: Ball 2-2: Foul Ball, location: 2F 2-2: Ball 3-2: Strikes out swinging
|
|
Batting: SHB Bill Dooms
|
0-0: Ball 1-0: SINGLE (Flyball, 34D, EV 88.8 MPH) Carey Horncole to second
|
|
Batting: LHB Kevin Kantor
|
0-0: Fielders Choice at 2nd, U6 (Groundball, P, EV 85.0 MPH) Carey Horncole to third
|
|
Batting: LHB Ryan Braden
|
0-0: Ball 1-0: Ball 2-0: Foul Ball, location: 2F 2-1: Fly out, F9 (Flyball, 9LS, EV 90.6 MPH)
|
| Top of the 4th over - 0 runs, 2 hits, 0 errors, 2 left on base; San Francisco 0 - St. Louis 3 |
| BOTTOM OF THE 4TH |
|
St. Louis Cardinals batting - Pitching for San Francisco Giants : LHP Chris Moris
|
|
Pitching: RHP Filip Nebylitsin
|
|
|
Batting: RHB Klaas Meij
|
0-0: Ball 1-0: Foul Ball, location: 2F 1-1: Fly out, F9 (Flyball, 9, EV 88.1 MPH)
|
|
Batting: SHB Jason Kirby
|
0-0: Ball 1-0: Foul Ball, location: 2F 1-1: Swinging Strike 1-2: Ball 2-2: Ground out 1-3 (Groundball, 13S, EV 69.4 MPH)
|
|
Batting: RHB Fabrice Bertin
|
0-0: Called Strike 0-1: Foul Ball, location: 2F 0-2: SINGLE (Line Drive, 8RS, EV 103.8 MPH)
|
|
Batting: LHB Ichiro Toyota
|
0-0: Called Strike Fabrice Bertin steals 2nd base (no throw) 0-1: Ball 1-1: SINGLE (Line Drive, 8LS, EV 93.8 MPH) Fabrice Bertin to third Runner from 3rd tries for Home, throw by CF and OUT! 8-2
|
| Bottom of the 4th over - 0 runs, 2 hits, 0 errors, 1 left on base; San Francisco 0 - St. Louis 3 |
| TOP OF THE 5TH |
|
San Francisco Giants batting - Pitching for St. Louis Cardinals : RHP Austin Akers
|
|
Now at C: Ricky Yerzy
|
|
|
Now at 3B: Immel Kamuzu
|
|
|
Batting: LHB Jared Paige
|
0-0: Ball 1-0: Ball 2-0: Ball 3-0: Base on Balls
|
|
Batting: RHB Tyler Mapes
|
0-0: Called Strike 0-1: Called Strike 0-2: Foul Ball, location: 2F 0-2: Strikes out swinging
|
|
Pinch Hitting: RHB Nick Wicker
|
0-0: Ball 1-0: Foul Ball, location: 2F 1-1: Foul Ball, location: 2F 1-2: Strikes out swinging
|
|
Pinch Hitting: RHB Sean Zielinski
|
0-0: Ball Jared Paige steals 2nd base 1-0: Called Strike 1-1: Foul Ball, location: 2F 1-2: Fly out, F8 (Flyball, 8LD, EV 88.8 MPH)
|
| Top of the 5th over - 0 runs, 0 hits, 0 errors, 1 left on base; San Francisco 0 - St. Louis 3 |
| BOTTOM OF THE 5TH |
|
St. Louis Cardinals batting - Pitching for San Francisco Giants : RHP Filip Nebylitsin
|
|
Pitching: LHP Caleb Mullinax
|
|
|
Now at C: John Creel
|
|
|
Now at 1B: Jack Henningar
|
|
|
Now at 2B: Sean Zielinski
|
|
|
Now at 3B: Nick Wicker
|
|
|
Now at SS: Bill Defazio
|
|
|
Now in RF: Hugo Zacarias
|
|
|
Pinch Hitting: RHB Tommy Boudreaux
|
0-0: Ball 1-0: Fly out, F7 (Line Drive, 7, EV 101.9 MPH)
|
|
Batting: SHB Antoine Roux
|
0-0: Called Strike 0-1: Fly out, F8 (Line Drive, 89M, EV 100.0 MPH)
|
|
Pinch Hitting: RHB Joe Alley
|
0-0: Called Strike 0-1: Swinging Strike 0-2: Foul Ball, location: 2F 0-2: Ground out U3 (Groundball, 13, EV 88.8 MPH)
|
| Bottom of the 5th over - 0 runs, 0 hits, 0 errors, 0 left on base; San Francisco 0 - St. Louis 3 |
| TOP OF THE 6TH |
|
San Francisco Giants batting - Pitching for St. Louis Cardinals : RHP Austin Akers
|
|
Pitching: LHP Nick Suggett
|
|
|
Now at 1B: Joe Alley
|
|
|
Now in LF: Tommy Boudreaux
|
|
|
Batting: LHB Jack Henningar
|
0-0: Called Strike 0-1: Ball 1-1: Ground out U3 (Groundball, 34S, EV 80.0 MPH)
|
|
Pinch Hitting: LHB John Blair
|
0-0: Ball 1-0: Fly out, F9 (Line Drive, 89M, EV 95.0 MPH)
|
|
Batting: RHB Bill Defazio
|
0-0: Ball 1-0: Swinging Strike 1-1: SOLO HOME RUN (Flyball, 7LD, EV 100.6 MPH), Distance : 372 ft
|
|
Batting: RHB John Creel
|
0-0: Ball 1-0: Ball 2-0: Foul Ball, location: 2F 2-1: Fly out, F7 (Flyball, 7D, EV 96.2 MPH)
|
| Top of the 6th over - 1 run, 1 hit, 0 errors, 0 left on base; San Francisco 1 - St. Louis 3 |
| BOTTOM OF THE 6TH |
|
St. Louis Cardinals batting - Pitching for San Francisco Giants : LHP Caleb Mullinax
|
|
Pitching: RHP Curt Howland
|
|
|
Now in CF: Hugo Zacarias
|
|
|
Now in RF: John Blair
|
|
|
Batting: LHB Billy Guzman
|
0-0: Called Strike 0-1: Called Strike 0-2: Reached on error, E6 (Groundball, 6, EV 99.4 MPH)
|
|
Batting: RHB Ricky Yerzy
|
0-0: Ball 1-0: Called Strike 1-1: Called Strike 1-2: Fly out, F8 (Flyball, 8RM, EV 75.6 MPH)
|
|
Pinch Hitting: SHB Luke Robbins
|
0-0: Intentional Walk
|
|
Batting: RHB Immel Kamuzu
|
0-0: Called Strike 0-1: DOUBLE (Groundball, 5L, EV 96.9 MPH) Billy Guzman scores Luke Robbins to third Runner from 3rd tries for Home, SAFE, throw by LF to trailing runner, SAFE at third!
|
|
Pinch Hitting: RHB Melvin Enriquez
|
0-0: Ball 1-0: Foul Ball, location: 2F 1-1: Ball 2-1: 2-RUN HOME RUN (Flyball, 9LD, EV 97.5 MPH), Distance : 349 ft
|
|
Pitching: RHP Ricky Fo
|
|
|
Pinch Hitting: RHB Danny Gallo
|
0-0: Ground out 5-3 (Groundball, 56, EV 81.9 MPH)
|
|
Batting: RHB Tommy Boudreaux
|
0-0: Called Strike 0-1: Ball 1-1: SINGLE (Groundball, 4M, EV 111.2 MPH) (infield hit)
|
|
Pinch Hitting: RHB Tyler Walker
|
0-0: Called Strike 0-1: Ball 1-1: Swinging Strike 1-2: Foul Ball, location: 2F 1-2: Ball 2-2: Foul Ball, location: 2F 2-2: Ball 3-2: Foul Ball, location: 2F 3-2: Strikes out swinging
|
| Bottom of the 6th over - 4 runs, 3 hits, 1 error, 1 left on base; San Francisco 1 - St. Louis 7 |
| TOP OF THE 7TH |
|
San Francisco Giants batting - Pitching for St. Louis Cardinals : LHP Nick Suggett
|
|
Pitching: RHP Ray Scifo
|
|
|
Now at 2B: Tyler Walker
|
|
|
Now at SS: Luke Robbins
|
|
|
Now in CF: Danny Gallo
|
|
|
Now in RF: Melvin Enriquez
|
|
|
Batting: LHB Ryan Braden
|
0-0: Foul Ball, location: 2F 0-1: Swinging Strike 0-2: Fly out, F5 (Popup, 5L, EV 67.5 MPH)
|
|
Batting: RHB Hugo Zacarias
|
0-0: Foul Ball, location: 2F 0-1: Ball 1-1: SINGLE (Groundball, 34D, EV 110.0 MPH)
|
|
Batting: RHB Tyler Mapes
|
0-0: Called Strike 0-1: Ball 1-1: Foul Ball, location: 2F 1-2: Foul Ball, location: 2F 1-2: Grounds into double play, 5-4-3 (Groundball, 56, EV 100.6 MPH)
|
| Top of the 7th over - 0 runs, 1 hit, 0 errors, 0 left on base; San Francisco 1 - St. Louis 7 |
| BOTTOM OF THE 7TH |
|
St. Louis Cardinals batting - Pitching for San Francisco Giants : RHP Ricky Fo
|
|
Batting: RHB Joe Alley
|
0-0: Ball 1-0: Foul Ball, location: 2F 1-1: Ball 2-1: Foul Ball, location: 2F 2-2: Foul Ball, location: 2F 2-2: Foul Ball, location: 2F 2-2: Ball 3-2: Fly out, F8 (Flyball, 8RD, EV 97.5 MPH)
|
|
Batting: LHB Billy Guzman
|
0-0: Ground out 5-3 (Groundball, 56S, EV 91.2 MPH)
|
|
Batting: RHB Ricky Yerzy
|
0-0: Swinging Strike 0-1: Foul Ball, location: 2F 0-2: Ball 1-2: Ball 2-2: Foul Ball, location: 2F 2-2: Strikes out swinging
|
| Bottom of the 7th over - 0 runs, 0 hits, 0 errors, 0 left on base; San Francisco 1 - St. Louis 7 |
| TOP OF THE 8TH |
|
San Francisco Giants batting - Pitching for St. Louis Cardinals : RHP Ray Scifo
|
|
Pitching: RHP Bryan Banana
|
|
|
Batting: RHB Nick Wicker
|
0-0: Ball 1-0: Called Strike 1-1: Swinging Strike 1-2: Ball 2-2: Foul Ball, location: 2F 2-2: Ground out U3 (Groundball, 3L, EV 79.4 MPH)
|
|
Batting: RHB Sean Zielinski
|
0-0: Ball 1-0: Foul Ball, location: 2F 1-1: Ball 2-1: Ball 3-1: Base on Balls
|
|
Batting: LHB Jack Henningar
|
0-0: Ball 1-0: Called Strike 1-1: Foul Ball, location: 2F 1-2: Ball 2-2: Foul Ball, location: 2F 2-2: Ball 3-2: Fly out, F9 (Line Drive, 9, EV 107.5 MPH)
|
|
Batting: LHB John Blair
|
0-0: Called Strike 0-1: Called Strike 0-2: Ball 1-2: Ball 2-2: Strikes out swinging
|
| Top of the 8th over - 0 runs, 0 hits, 0 errors, 1 left on base; San Francisco 1 - St. Louis 7 |
| BOTTOM OF THE 8TH |
|
St. Louis Cardinals batting - Pitching for San Francisco Giants : RHP Ricky Fo
|
|
Pitching: RHP Tim Welshman
|
|
|
Batting: SHB Luke Robbins
|
0-0: Fly out, F9 (Flyball, 9LD, EV 98.1 MPH)
|
|
Batting: RHB Immel Kamuzu
|
0-0: Ball 1-0: Ball 2-0: Foul Ball, location: 2F 2-1: Swinging Strike 2-2: Strikes out swinging
|
|
Batting: RHB Melvin Enriquez
|
0-0: Called Strike 0-1: Ball 1-1: Foul Ball, location: 2F 1-2: Strikes out swinging
|
| Bottom of the 8th over - 0 runs, 0 hits, 0 errors, 0 left on base; San Francisco 1 - St. Louis 7 |
| TOP OF THE 9TH |
|
San Francisco Giants batting - Pitching for St. Louis Cardinals : RHP Bryan Banana
|
|
Pitching: LHP John Grinter
|
|
|
Batting: RHB Bill Defazio
|
0-0: Called Strike 0-1: Foul Ball, location: 2F 0-2: Ground out 4-3 (Groundball, 4M, EV 82.5 MPH)
|
|
Batting: RHB John Creel
|
0-0: Ball 1-0: Called Strike 1-1: Ground out 3-1 (Groundball, 34S, EV 80.0 MPH)
|
|
Batting: LHB Ryan Braden
|
0-0: Fly out, F6 (Popup, 15S, EV 76.9 MPH)
|
| Top of the 9th over - 0 runs, 0 hits, 0 errors, 0 left on base; San Francisco 1 - St. Louis 7 |
|